 Dungeon Crawl Stone Soup version 0.31-a0-221-gbddc013574 (webtiles) character file.

Game seed: 10475053412731722163

3280 reriks the Vexing (level 10, -9/76 HPs)
             Began as a Gnoll Hexslinger on July 4, 2023.
             Was an Initiate of Ashenzari.
             Mangled by Joseph
             ... wielding a +0 quarterstaff
              (10 damage)
             ... on level 7 of the Dungeon on July 5, 2023.
             The game lasted 00:16:40 (12672 turns).

reriks the Vexing (Gnoll Hexslinger)               Turns: 12672, Time: 00:16:41

Health: -9/76      AC:  7    Str:  8    XL:     10   Next: 0%
Magic:  0/18       EV: 15    Int: 16    God:    Ashenzari [......]
Gold:   160        SH:  0    Dex: 15    Spells: 7/20 levels left

rFire   . . .        a - +3 sling (flame)
rCold   . . .        (no shield)
rNeg    . . .        z - +2 robe {Will+}
rPois   .            y - +0 hat
rElec   .            (no cloak)
rCorr   .            j - +1 pair of gloves of Ashenzari's Moon {Bglg, Fort} (curse)
SInv    .            w - +0 pair of boots
Will    +....        l - amulet of guardian spirit
Stlth   +++          d - ring of wizardry
HPRegen 0.32/turn    f - ring of flight
MPRegen 0.16/turn

%: guardian spirit, wizardry (x1)
@: mighty, brilliant, flying
A: fangs 1, strong nose, distributed training
a: Renounce Religion, Shatter the Chains


You were on level 7 of the Dungeon.
You worshipped Ashenzari.
Ashenzari was noncommittal.
You visited 2 branches of the dungeon, and saw 8 of its levels.

You collected 274 gold pieces.
You spent 114 gold pieces at shops.

Inventory:

Hand Weapons
 a - a +3 sling of flaming (weapon)
 r - a +0 shortbow
 x - a +0 heavy sling
Missiles
 s - 76 stones
Armour
 c - a +0 robe
 j - the cursed +1 pair of gloves of Ashenzari's Moon (worn) {Bglg, Fort}
   (You found it on level 1 of the Dungeon)

   It has a curse which improves the following skills: Beguiling: Conjurations,
   Hexes and Translocations.
   Fortitude: Armour and Shields.
 w - a +0 pair of boots (worn)
 y - a +0 hat (worn)
 z - a +2 robe of willpower (worn)
Jewellery
 d - a ring of wizardry (left hand)
 f - a ring of flight (right hand)
 l - an amulet of guardian spirit (around neck)
 o - a ring of ice
 B - a +4 ring of protection
Wands
 n - a wand of light (12)
 q - a wand of polymorph (9)
 u - a wand of mindburst (4)
 C - a wand of charming (12)
Scrolls
 b - 2 scrolls of poison
 e - 4 scrolls of teleportation
 h - 2 scrolls of fear
 i - 7 scrolls of identify
 A - a scroll of summoning
Potions
 k - a potion of mutation {unknown}
 p - 3 potions of might
 t - 3 potions of lignification {unknown}
 v - a potion of enlightenment {unknown}


   Skills:
 + Level 5.6 Fighting
 + Level 5.0 Short Blades
 + Level 5.0 Long Blades
 + Level 5.0 Axes
 + Level 5.0 Maces & Flails
 + Level 5.0 Polearms
 + Level 5.0 Staves
 + Level 6.8 Ranged Weapons
 + Level 5.0 Throwing
 + Level 5.0(5.3) Armour
 + Level 6.8 Dodging
 + Level 5.0 Stealth
 + Level 5.0(5.3) Shields
 + Level 5.0 Unarmed Combat
 + Level 5.8 Spellcasting
 + Level 4.1(4.5) Conjurations
 + Level 6.9(7.3) Hexes
 + Level 4.1 Summonings
 + Level 4.1 Necromancy
 + Level 4.1(4.5) Translocations
 + Level 4.1 Transmutations
 + Level 4.1 Fire Magic
 + Level 4.1 Ice Magic
 + Level 4.1 Air Magic
 + Level 4.1 Earth Magic
 + Level 4.1 Poison Magic
 + Level 5.4 Invocations
 + Level 5.0 Evocations


You had 7 spell levels left.
You knew the following spells:

 Your Spells              Type           Power      Damage    Failure   Level
a - Slow                  Hex            100%       N/A       1%          1
b - Portal Projectile     Hex/Tloc       70%        N/A       1%          3
c - Fireball              Conj/Fire      13%        3d7       26%         5
d - Cause Fear            Hex            21%        N/A       2%          4

Your spell library contained the following spells:

 Spells                   Type           Power      Damage    Failure   Level
 Foxfire                  Conj/Fire      100%       2x1d9     1%          1
 Inner Flame              Hex/Fire       34%        N/A       1%          3
 Tukima's Dance           Hex            42%        N/A       1%          3
 Ozocubu's Armour         Ice            26%        N/A       3%          3
 Leda's Liquefaction      Hex/Erth       17%        N/A       5%          4
 Iskenderun's Battlesphe  Conj           28%        2d8       24%         5
 Blade Hands              Tmut           13%        N/A       28%         5
 Lee's Rapid Deconstruct  Erth           13%        3d9*      28%         5
 Leda's Unmaking          Conj/Erth      13%        9d3       78%         6
 Starburst                Conj/Fire      13%        6d6       78%         6
 Plasma Beam              Fire/Air       13%        2x1d24    82%         6
 Statue Form              Tmut/Erth      17%        N/A       82%         6
 Ozocubu's Refrigeration  Ice            13%        4d10      100%        7
 Spellforged Servitor     Conj/Summ      13%        N/A       100%        7


Dungeon Overview and Level Annotations

Branches:
Dungeon (7/15)             Temple (1/1) D:6

Altars:
Ashenzari
Cheibriados
Dithmenos
Elyvilon
Fedhas
Gozag
Hepliaklqana
Kikubaaqudgha
Makhleb
Nemelex Xobeh
Okawaru
Qazlal
Ru
Sif Muna
Trog
Uskayaw
Vehumet
Wu Jian
Yredelemnul
Zin
The Shining One

Shops:
D:1 !   D:2 *   D:3 ?   D:4 *

Annotations:
D:7 Joseph


Innate Abilities, Weirdness & Mutations

You have very sharp teeth.
Your uncanny sense of smell can sniff out nearby items.
Your experience applies equally to all skills.


Message History

You are too injured to fight recklessly!
Okay, then.
You feel very mighty all of a sudden.
You are too injured to fight recklessly!
You are too injured to fight recklessly!
You shoot a sling bullet. The sling bullet hits Joseph.
The sling bullet burns Joseph.
Joseph is heavily wounded.
Joseph unwields a +0 sling.
Joseph wields a +0 quarterstaff.
Joseph hits you with a +0 quarterstaff.
You shoot a sling bullet. The sling bullet barely misses Joseph.
Joseph drinks a potion.
Joseph is healed!
You shoot a sling bullet.
The sling bullet completely misses Joseph.
Joseph hits you with a +0 quarterstaff!
* * * LOW HITPOINT WARNING * * *
You shoot a sling bullet.
The sling bullet hits Joseph but does no damage.
Joseph is moderately wounded.
Joseph barely misses you.
You shoot a sling bullet. The sling bullet hits Joseph.
The sling bullet burns Joseph.
Joseph is moderately wounded.
Joseph hits you with a +0 quarterstaff!
* * * LOW HITPOINT WARNING * * *
You shoot a sling bullet. The sling bullet hits Joseph!
The sling bullet burns Joseph.
Joseph is heavily wounded.
Joseph hits you with a +0 quarterstaff.
* * * LOW HITPOINT WARNING * * *
You feel better. Joseph closely misses you.
It was a potion of brilliance.
You feel clever all of a sudden. Joseph hits you with a +0 quarterstaff!
* * * LOW HITPOINT WARNING * * *
You shoot a sling bullet. The sling bullet hits Joseph!
The sling bullet burns Joseph.
Joseph is heavily wounded.
Joseph hits you with a +0 quarterstaff!
You die...

..# ..# # ..## #.. #.
...##..# ##.. .....#
..# ....###...# #..#
.# #...#..# #..# #..#
#....# #..# ..#
##...####..##..#
#@.#..##...#...#
......@.###..#.......#
......### ##.........#
. ...... ##........##.
...#. #..#.......# ..
## ##...#......# .
#..........##
##..........#
............#


You could see Joseph.

Vanquished Creatures
  Pikel (D:5)
  Prince Ribbit (D:5)
  A wraith (D:5)
  A water moccasin (D:7)
  2 ice beasts
  5 ogres
  2 phantoms
  A kobold brigand (D:6)
  A lemure (D:5)
  Blork the orc (D:5)
  A bullfrog (D:7)
  2 scorpions
  Dowan (D:7)
  3 howler monkeys
  4 orc priests
  5 hounds
  2 jellies
  Natasha (thrice) (D:3)
  2 sleepcaps
  3 orc wizards
  3 iguanas
  10 adders
  25 gnolls
  3 white imps
  An ufetubus (D:4)
  A worm (D:2)
  5 dart slugs
  31 orcs
  3 bats
  9 endoplasms
  6 giant cockroaches
  4 goblins
  4 hobgoblins
  18 jackals
  4 quokkas
  7 ball pythons
  5 frilled lizards
  8 kobolds
  9 rats
198 creatures vanquished.

Notes
Turn   | Place    | Note
-------+----------+-------------------------------------------
     0 | D:1      | reriks the Gnoll Hexslinger began the quest for the Orb.
     0 | D:1      | Reached XP level 1. HP: 17/17 MP: 4/4
   328 | D:1      | Reached XP level 2. HP: 23/23 MP: 5/5
   697 | D:1      | Reached XP level 3. HP: 28/28 MP: 7/7
  1092 | D:1      | Found Unozuwn's Distillery.
  1237 | D:1      | Reached skill level 1 in Invocations
  1429 | D:1      | Learned a level 3 spell: Portal Projectile
  1565 | D:2      | Found Uwkisuha's Assorted Antiques.
  1575 | D:2      | Reached skill level 1 in Short Blades
  1575 | D:2      | Reached skill level 1 in Long Blades
  1575 | D:2      | Reached skill level 1 in Axes
  1575 | D:2      | Reached skill level 1 in Maces & Flails
  1575 | D:2      | Reached skill level 1 in Polearms
  1575 | D:2      | Reached skill level 1 in Staves
  1575 | D:2      | Reached skill level 1 in Throwing
  1575 | D:2      | Reached skill level 1 in Armour
  1575 | D:2      | Reached skill level 1 in Stealth
  1575 | D:2      | Reached skill level 1 in Shields
  1575 | D:2      | Reached skill level 1 in Unarmed Combat
  1575 | D:2      | Reached skill level 1 in Evocations
  1615 | D:2      | Noticed a phantom
  1650 | D:1      | Killed a phantom
  1651 | D:1      | Reached skill level 1 in Conjurations
  1651 | D:1      | Reached skill level 1 in Summonings
  1651 | D:1      | Reached skill level 1 in Necromancy
  1651 | D:1      | Reached skill level 1 in Translocations
  1651 | D:1      | Reached skill level 1 in Transmutations
  1651 | D:1      | Reached skill level 1 in Fire Magic
  1651 | D:1      | Reached skill level 1 in Ice Magic
  1651 | D:1      | Reached skill level 1 in Air Magic
  1651 | D:1      | Reached skill level 1 in Earth Magic
  1651 | D:1      | Reached skill level 1 in Poison Magic
  1651 | D:1      | Reached XP level 4. HP: 15/34 MP: 8/8
  1651 | D:1      | Reached XP level 5. HP: 18/40 MP: 9/9
  1928 | D:2      | Learned a level 5 spell: Fireball
  2867 | D:3      | Found Oremumin's Magic Scroll Shoppe.
  3052 | D:2      | Reached XP level 6. HP: 30/47 MP: 11/11
  3255 | D:3      | Reached skill level 5 in Ranged Weapons
  3255 | D:3      | Reached skill level 5 in Dodging
  4334 | D:3      | Reached XP level 7. HP: 42/52 MP: 12/12
  4608 | D:3      | Learned a level 4 spell: Cause Fear
  5871 | D:3      | Noticed Natasha
  5880 | D:3      | Killed Natasha
  6414 | D:3      | Noticed Natasha
  6416 | D:3      | Killed Natasha
  6726 | D:3      | Noticed Natasha
  6730 | D:3      | Killed Natasha
  6813 | D:3      | Bought a scroll of brand weapon for 114 gold pieces
  6949 | D:4      | Reached XP level 8. HP: 60/60 MP: 14/14
  7049 | D:4      | Found a blossoming altar of Fedhas.
  7659 | D:4      | Found Annonka's Gadget Gallery.
  7753 | D:5      | Entered Level 5 of the Dungeon
  7753 | D:5      | Noticed Pikel
  7755 | D:5      | Noticed Prince Ribbit
  8331 | D:5      | Killed Prince Ribbit
  8480 | D:5      | Noticed Blork the orc
  8487 | D:5      | Killed Blork the orc
  8532 | D:5      | Noticed a wraith
  8660 | D:5      | Killed a wraith
  9015 | D:5      | Reached XP level 9. HP: 66/66 MP: 16/16
  9134 | D:5      | Killed Pikel
  9135 | D:5      | Reached skill level 5 in Fighting
  9135 | D:5      | Reached skill level 5 in Spellcasting
 10749 | D:6      | Reached skill level 5 in Invocations
 10808 | D:6      | Found a sparkling altar of Nemelex Xobeh.
 11191 | D:6      | Found a staircase to the Ecumenical Temple.
 11212 | Temple   | Entered the Ecumenical Temple
 11292 | Temple   | Became a worshipper of Ashenzari the Shackled
 12527 | D:7      | Noticed Dowan
 12540 | D:7      | Killed Dowan
 12541 | D:7      | Reached skill level 5 in Short Blades
 12541 | D:7      | Reached skill level 5 in Long Blades
 12541 | D:7      | Reached skill level 5 in Axes
 12541 | D:7      | Reached skill level 5 in Maces & Flails
 12541 | D:7      | Reached skill level 5 in Polearms
 12541 | D:7      | Reached skill level 5 in Staves
 12541 | D:7      | Reached skill level 5 in Throwing
 12541 | D:7      | Reached skill level 5 in Armour
 12541 | D:7      | Reached skill level 5 in Stealth
 12541 | D:7      | Reached skill level 5 in Shields
 12541 | D:7      | Reached skill level 5 in Unarmed Combat
 12541 | D:7      | Reached skill level 5 in Evocations
 12541 | D:7      | Reached XP level 10. HP: 65/76 MP: 15/18
 12654 | D:7      | Noticed Joseph
 12671 | D:7      | HP: 1/76 [Joseph/+0 quarterstaff (16)]
 12672 | D:7      | Mangled by Joseph

Illustrated notes

Levels and vault maps discovered:
D:1:      lemuel_arrival_tunnels, layout_basic, serial_shops,
          nicolae_shop_tiny_statue_garden
D:2:      layout_basic, serial_corexii_hall, chequers_hall_statues_corner_a,
          corexii_hall_statues_i, serial_shops, shop, minivault_5
D:3:      lemuel_castle_with_subvaults [lemuel_castle_interior_carwin_1],
          layout_basic, serial_shops, shop, chequers_decorated_corner,
          uniq_natasha
D:4:      layout_basic, old_standard_altar, nicolae_shop_gadgets
D:5:      layout_loops_ring, uniq_pikel, uniq_prince_ribbit1, uniq_blork_the_orc
D:6:      layout_basic, nemelex_xobeh_ov_fountains_minmay,
          minmay_temple_entry_large_hall, palyth_stone_intersect,
          hangedman_abyss_or_decor_lesser_grid
D:7:      layout_layer_cave, uniq_duvessa, uniq_joseph
Temple:   hellmonk_temple_of_storms

Skill      XL: |  1  2  3  4  5  6  7  8  9 |
---------------+----------------------------+-----
Invocations    | 1 2 3 4 5 |  5.4
Short Blades   | 1 2 3 5 |  5.0
Long Blades    | 1 2 3 5 |  5.0
Axes           | 1 2 3 5 |  5.0
Maces & Flails | 1 2 3 5 |  5.0
Polearms       | 1 2 3 5 |  5.0
Staves         | 1 2 3 5 |  5.0
Throwing       | 1 2 3 5 |  5.0
Armour         | 1 2 3 5 |  5.0
Stealth        | 1 2 3 5 |  5.0
Shields        | 1 2 3 5 |  5.0
Unarmed Combat | 1 2 3 5 |  5.0
Evocations     | 1 2 3 5 |  5.0
Spellcasting   | 3 4 5 |  5.8
Conjurations   | 1 2 3 4 |  4.1
Summonings     | 1 2 3 4 |  4.1
Necromancy     | 1 2 3 4 |  4.1
Translocations | 1 2 3 4 |  4.1
Transmutations | 1 2 3 4 |  4.1
Fire Magic     | 1 2 3 4 |  4.1
Ice Magic      | 1 2 3 4 |  4.1
Air Magic      | 1 2 3 4 |  4.1
Earth Magic    | 1 2 3 4 |  4.1
Poison Magic   | 1 2 3 4 |  4.1
Fighting       | 3 4 5 |  5.6
Ranged Weapons | 5 6 |  6.8
Dodging        | 5 6 |  6.8
Hexes          | 6 |  6.9

Action                     |  1- 3 |  4- 6 |  7- 9 | 10-12 || total
---------------------------+-------+-------+-------+-------++-------
   Fire: Sling             |    92 |   258 |   565 |    15 ||   930
   Cast: Slow              |     3 |     2 |       |       ||     5
         Portal Projectile |     1 |     1 |       |       ||     2
         Cause Fear        |       |       |     1 |       ||     1
 Invoke: Curse Item        |       |       |       |     1 ||     1
    Use: Scroll            |       |     6 |     5 |       ||    11
         Potion            |       |       |       |     3 ||     3
 Armour: Robe              |     8 |    25 |    32 |       ||    65
  Dodge: Dodged            |    21 |   106 |   180 |     5 ||   312

Table legend: (Time is in decaauts)
 A = Elapsed time spent in this place.
 B = Non-inter-level travel time spent in this place.
 C = Inter-level travel time spent in this place.
 D = Time resting spent in this place.
 E = Time spent auto-exploring this place.
 F = Levels seen in this place.
 G = Mean time per level.
                   A        B        C        D        E       F      G
               +--------+--------+--------+--------+--------+-----+--------+
         Total |  12797 |  12081 |    716 |   5982 |   4285 |   8 | 1599.6 |
       Dungeon |  12696 |  11999 |    697 |   5982 |   4267 |   7 | 1813.7 |
        Temple |    100 |     81 |     19 |      0 |     18 |   1 |  100.0 |
               +--------+--------+--------+--------+--------+-----+--------+

Top non-repeatable levels by time:
     D:3: 3811 daAuts
     D:5: 2309 daAuts
     D:1: 1678 daAuts
     D:2: 1579 daAuts
     D:6: 1556 daAuts
     D:4: 984 daAuts
     D:7: 776 daAuts
  Temple: 100 daAuts
